 Dungeon Crawl Stone Soup version 0.16.2-2-g470672f (webtiles) character file.

182 monobi the Shield-Bearer (level 5, 0/47 HPs)
             Began as a Minotaur Fighter on Sept 2, 2015.
             Slain by an adder (4 damage)
             ... on level 3 of the Dungeon.
             The game lasted 00:06:23 (2349 turns).

monobi the Shield-Bearer (Minotaur Fighter)         Turns: 2349, Time: 00:06:23

Health: 0/47       AC:  8    Str: 21    XL:     5   Next: 34%
Magic:  2/2        EV: 11    Int:  5    God:
Gold:   109        SH: 15    Dex: 15    Spells: 0 memorised, 4 levels left

rFire  . . .     SeeInvis +     a - +0 trident
rCold  . . .     Clarity  .     b - +0 scale mail
rNeg   . . .     SustAb   +     n - +0 large shield
rPois  .         Gourm    .     (helmet restricted)
rElec  .         Spirit   .     i - +0 cloak
rCorr  .         Warding  .     (no gloves)
rMut   .         Stasis   .     (no boots)
MR     .....                    (no amulet)
Stlth  +.........               o - ring of see invisible
                                f - ring of sustain abilities

@: agile, lethally poisoned (0 -> 0), not resistant to hostile enchantments,
very unstealthy
A: retaliatory headbutt, horns 2, mutation resistance 1, spit poison 1
a: Spit Poison


You were on level 3 of the Dungeon.
You were not hungry.

You visited 1 branch of the dungeon, and saw 3 of its levels.

You collected 109 gold pieces.

Inventory:

Hand weapons
 a - a +0 trident (weapon)
Armour
 b - a +0 scale mail (worn)
 c - a +0 shield
 i - a +0 cloak (worn)
 n - a +0 large shield (worn)
Jewellery
 f - a ring of sustain abilities (left hand)
 o - a ring of see invisible (right hand)
Scrolls
 g - a scroll of identify {unknown}
 h - a scroll of enchant armour {unknown}
 j - a scroll of enchant weapon {unknown}
 k - 2 scrolls of remove curse {unknown}
 p - a scroll of teleportation {unknown}
 s - a scroll of immolation {unknown}
Potions
 e - 3 potions of might
 u - a potion of cancellation {unknown}
Comestibles
 d - 2 bread rations
 m - a meat ration
 q - 2 beef jerkies
 t - 8 chunks of flesh


   Skills:
 + Level 4.4 Fighting
 + Level 3.1 Polearms
 + Level 4.5 Armour
 + Level 1.3 Dodging
 + Level 5.6 Shields


You had 4 spell levels left.
You didn't know any spells.

Dungeon Overview and Level Annotations

Branches:
Dungeon (3/15)

Altars:
Qazlal
Sif Muna
Zin


Innate Abilities, Weirdness & Mutations

You reflexively headbutt those who attack you in melee.
You have a pair of horns on your head.
You are somewhat resistant to further mutation.
You can spit poison.


Message History

The orc wizard casts a spell at you. The puff of frost hits you!
* * * LOW HITPOINT WARNING * * *
You hit the orc wizard.
The orc wizard is lightly wounded.
The orc wizard hits you with a dagger.
* * * LOW HITPOINT WARNING * * *
You hit the orc wizard.
The orc wizard is moderately wounded.
You feel sick.
The orc wizard hits you but does no damage.
There is an open door here.
You block the adder's attack.
You closely miss the adder. You headbutt the adder.
The adder is heavily wounded.
You block the adder's attack.
You closely miss the adder.
The adder is heavily wounded.
You feel sick. The adder bites you.
You die...

.#.###.#.#.#.##.####
.#.# #.........# #
...# ##.###(####
#####.### ...#
#####)## #.))....#
...## ##...## #..#
....# ##.....##
#..## ....#
#.......## #...#.#
....#
#.........###.....#
.....
+........@So).....#
....
#.........#o#.....#
.#.#
#.......##.#.......#
.# #
#.....###.##......#
.# ##...##
#.#.....## .. ##+#
#.#.##.## #.#. .#
#.# #..


You could see an orc wizard, an adder and an orc.

Vanquished Creatures
  An orc priest (D:3)
  An orc wizard (D:3)
  Robin (D:2)
  A gnoll (D:1)
  3 adders (D:2)
  A worm (D:2)
  An ooze (D:3)
  8 orcs (D:3)
  3 giant cockroaches
  13 goblins
  5 hobgoblins
  5 jackals (D:3)
  2 quokkas (D:2)
  A ball python (D:3)
  4 bats
  2 giant newts (D:1)
  7 kobolds
  8 rats
67 creatures vanquished.

Notes
Turn   | Place    | Note
--------------------------------------------------------------
     0 | D:1      | monobi, the Minotaur Fighter, began the quest for the Orb.
     0 | D:1      | Reached XP level 1. HP: 19/19 MP: 1/1
   243 | D:1      | Reached XP level 2. HP: 27/27 MP: 1/1
   251 | D:1      | Reached skill level 4 in Armour
   813 | D:1      | Reached XP level 3. HP: 30/33 MP: 2/2
  1432 | D:2      | Noticed Robin
  1452 | D:2      | Killed Robin
  1452 | D:2      | Reached XP level 4. HP: 15/40 MP: 2/2
  1807 | D:2      | Found a stormy altar of Qazlal.
  1879 | D:2      | Reached skill level 5 in Shields
  1947 | D:2      | Found a deep blue altar of Sif Muna.
  1947 | D:2      | Found a glowing silver altar of Zin.
  2136 | D:3      | Reached skill level 1 in Dodging
  2278 | D:3      | Reached XP level 5. HP: 47/47 MP: 2/2
  2334 | D:3      | Gained mutation: You can spit poison. [potion of mutation]
  2334 | D:3      | Gained mutation: You are somewhat resistant to further mutation. [potion of mutation]
  2349 | D:3      | Slain by an adder

Action                   |  1- 3 |  4- 6 || total
-------------------------+-------+-------++-------
Melee: Trident           |    83 |   111 ||   194
  Use: Potion            |     2 |     2 ||     4
  Eat: Chunk             |     1 |     1 ||     2
       Bread ration      |       |     1 ||     1
